 Dungeon Crawl Stone Soup version 0.18.1-48-g4cf74bf (webtiles) character file.

632 tevo3000 the Basher (level 7, -2/41 HPs)
             Began as a Gargoyle Fighter on Aug 29, 2016.
             Killed by nerve-wracking pain
             ... invoked by an orc priest
              (6 damage)
             ... on level 5 of the Dungeon.
             The game lasted 00:14:07 (3487 turns).

tevo3000 the Basher (Gargoyle Fighter)              Turns: 3487, Time: 00:14:08

Health: -2/41      AC: 11    Str: 22    XL:     7   Next: 49%
Magic:  7/7        EV:  8    Int:  8    God:
Gold:   171        SH:  9    Dex:  9    Spells: 0 memorised, 6 levels left

rFire  . . .     SeeInvis .     a - +1 flail
rCold  . . .     Gourm    .     r - +1 ring mail {MR+}
rNeg   + . .     Faith    .     c - +0 shield
rPois  ∞         Spirit   .     (no helmet)
rElec  +         Dismiss  .     (no cloak)
rCorr  .         Reflect  .     (no gloves)
SustAt .         Harm     .     (no boots)
MR     +....                    (no amulet)
Stlth  ..........               (no ring)
                                (no ring)

@: somewhat resistant to hostile enchantments, extremely unstealthy
A: negative energy resistance 1, electricity resistance, unbreathing,
petrification resistance, rot immunity, AC +4
a: no special abilities


You were on level 5 of the Dungeon.
You were full.

You visited 1 branch of the dungeon, and saw 5 of its levels.

You collected 171 gold pieces.

Inventory:

Hand Weapons
 a - a +1 flail (weapon)
 x - a +0 dire flail
Missiles
 q - 2 exploding tomahawks (quivered)
 u - 6 tomahawks of dispersal
Armour
 c - a +0 shield (worn)
 h - a +0 chain mail
 r - a +1 ring mail of magic resistance (worn)
Scrolls
 i - a scroll of enchant armour
 l - a scroll of enchant weapon
 p - 2 scrolls of remove curse
 s - a scroll of immolation {unknown}
 w - a scroll of identify
Potions
 b - a potion of brilliance {unknown}
 d - a potion of cure mutation {unknown}
 e - a potion of resistance {unknown}
 g - 2 potions of curing
 k - a potion of ambrosia {unknown}
 m - a potion of invisibility {unknown}
 n - a potion of degeneration {unknown}
 o - a potion of cancellation {unknown}
 v - 2 potions of lignification {unknown}
Comestibles
 f - 2 bread rations
 t - a meat ration


   Skills:
 - Level 3.2 Fighting
 + Level 8.0 Maces & Flails
 - Level 3.2 Armour
 * Level 3.7 Shields


You had 6 spell levels left.
You didn't know any spells.

Dungeon Overview and Level Annotations

Branches:
Dungeon (5/15)
 Temple: D:4-7

Altars:
Nemelex Xobeh
Ru
Sif Muna
Vehumet
Xom


Innate Abilities, Weirdness & Mutations

You are resistant to torment.
Your stone body is resilient (AC +4).
You are immune to poison.
You resist negative energy.
You are resistant to electric shocks.
You can survive without breathing.
You are immune to petrification.
You are immune to rotting.


Message History

The orc throws a tomahawk.
You block the tomahawk. The orc barely misses you. The orc closely misses you.
Things that are here:
a tomahawk; a falchion The orc hits you but does no damage.
The orc priest invokes the aid of Beogh against you.
Beogh smites you!
* * * LOW HITPOINT WARNING * * *
The orc hits you but does no damage.
You closely miss the orc priest. The orc barely misses you.
The orc priest hits you but does no damage.
The orc hits you with a club.
* * * LOW HITPOINT WARNING * * *
You block the orc's attack.
You hit the orc priest.
The orc priest is lightly wounded.
The orc hits you but does no damage.
The orc priest mumbles some strange prayers to Beogh against you.
Pain shoots through your body!
You die...

#........
#.......#
#.......#
#.......##
#........#
#....o...#
#....o...#
#....@...#
#...o(o..+
#....(..##
#....)..#
#.......#
#...?...#
#.......+
#.......#
#.((....#


You could see an orc priest and 3 orcs.

Vanquished Creatures
  An ogre (D:4)
  A sky beast (D:4)
  A howler monkey (D:4)
  A crimson imp (D:3)
  7 orc wizards
  A worker ant (D:4)
  7 adders
  A worm (D:2)
  3 dart slugs
  8 orcs
  7 giant cockroaches
  15 goblins
  9 hobgoblins
  3 jackals (D:1)
  7 kobolds
  3 quokkas
  3 bats
  6 giant newts
  7 rats
91 creatures vanquished.

Notes
Turn   | Place    | Note
--------------------------------------------------------------
     0 | D:1      | tevo3000 the Gargoyle Fighter began the quest for the Orb.
     0 | D:1      | Reached XP level 1. HP: 14/14 MP: 1/1
    93 | D:1      | Reached XP level 2. HP: 16/19 MP: 2/2
   327 | D:1      | Reached skill level 3 in Maces & Flails
   702 | D:2      | Reached XP level 3. HP: 22/23 MP: 3/3
   703 | D:2      | Found a deep blue altar of Sif Muna.
   703 | D:2      | Found a shimmering altar of Xom.
  1103 | D:2      | Reached skill level 4 in Maces & Flails
  1231 | D:2      | Reached XP level 4. HP: 28/28 MP: 4/4
  1711 | D:3      | Found a radiant altar of Vehumet.
  1767 | D:3      | Reached skill level 5 in Maces & Flails
  1767 | D:3      | Reached XP level 5. HP: 25/32 MP: 5/5
  1881 | D:3      | Found a faded altar to an unknown god.
  1901 | D:3      | Reached skill level 6 in Maces & Flails
  1901 | D:3      | Reached XP level 6. HP: 20/37 MP: 6/6
  2684 | D:4      | Reached skill level 7 in Maces & Flails
  2821 | D:4      | Found a sacrificial altar of Ru.
  2841 | D:4      | Reached XP level 7. HP: 41/41 MP: 7/7
  3056 | D:4      | Found a sparkling altar of Nemelex Xobeh.
  3436 | D:5      | Entered Level 5 of the Dungeon
  3449 | D:5      | Reached skill level 8 in Maces & Flails
  3487 | D:5      | Killed from afar by an orc priest

Skill      XL: |  1  2  3  4  5  6  7 |
---------------+----------------------+-----
Maces & Flails | 3 4 5 6 7 8 |  8.0
Fighting       | |  3.2
Armour         | |  3.2
Shields        | |  3.7

Action                   |  1- 3 |  4- 6 |  7- 9 || total
-------------------------+-------+-------+-------++-------
Melee: Flail             |   134 |   158 |    48 ||   340
       Unarmed           |       |       |    13 ||    13
  Use: Scroll            |       |     7 |     1 ||     8
       Potion            |       |     4 |       ||     4
  Eat: Bread ration      |     1 |       |       ||     1
       Meat ration       |       |     2 |       ||     2
Armor: Scale mail        |    11 |       |       ||    11
       Chain mail        |    65 |     6 |       ||    71
       Ring mail         |       |    56 |    49 ||   105
Dodge: Dodged            |    32 |    57 |    42 ||   131
Block: Shield            |    67 |    70 |    45 ||   182
